 Dungeon Sprint DCSS version 0.21-a0-52-gbf49515 (webtiles) character file.

622 Kidiri the Grappler (level 7, -5/76 HPs)
             Began as a Troll Monk on June 13, 2017.
             Was a Believer of Wu Jian.
             Slain by a centaur warrior (13 damage)
             ... in the Dungeon (Sprint I: "Red Sonja").
             The game lasted 00:03:47 (235 turns).

Kidiri the Grappler (Troll Monk)                     Turns: 235, Time: 00:03:48

Health: -5/76      AC:  5    Str: 20    XL:     7   Next: 22%
Magic:  6/6        EV: 13    Int:  6    God:    Wu Jian [**....]
Gold:   420        SH:  0    Dex: 14    Spells: 6/6 levels left

rFire    . . .     SeeInvis .     - Unarmed
rCold    . . .     Gourm    +   (no shield)
rNeg     . . .     Faith    .   a - +0 robe
rPois    .         Spirit   .   (helmet restricted)
rElec    .         Reflect  .   (no cloak)
rCorr    .         Harm     .   (gloves unavailable)
MR       .....     NoTele   +   (boots unavailable)
Stlth    +++.......             (no amulet)
Regen    0.7/turn               (no ring)
MPRegen  0.1/turn               (no ring)

@: no status effects
A: unfitting armour, claws 3, fast metabolism 3, gourmand, regeneration 1,
shaggy fur 1, tough skin 2
a: Renounce Religion


You were in the Dungeon.
You worshipped Wu Jian.
Wu Jian was pleased with you.
You were not hungry.

You visited 1 branch You collected 420 gold pieces.

Inventory:

Armour
 a - a +0 robe (worn)
Wands
 i - a wand of digging (5/24)
Scrolls
 h - a scroll of blinking
Potions
 e - a potion of haste
 f - 2 potions of magic
 g - 2 potions of mutation {unknown}
Comestibles
 b - 2 bread rations
 d - a chunk of flesh


   Skills:
 * Level 6.6 Fighting
 + Level 4.1 Armour
 * Level 6.7 Dodging
 * Level 4.8 Stealth
 * Level 8.0 Unarmed Combat


You had 6 spell levels left.
You didn't know any spells.

Dungeon Overview and Level Annotations

Branches:
Dungeon (1/1)

Altars:
Cheibriados
Dithmenos
Elyvilon
Fedhas
Gozag
Hepliaklqana
Kikubaaqudgha
Makhleb
Nemelex Xobeh
Okawaru
Qazlal
Ru
Sif Muna
Trog
Uskayaw
Vehumet
Wu Jian
Xom
Yredelemnul
Zin
The Shining One
Jiyva
Lugonu

Shops:
D *

Annotations:
D exclusion: door


Innate Abilities, Weirdness & Mutations

You are too large for most types of armour.
You have claws for hands.
Your metabolism is lightning-fast.
You like to eat raw meat.
Your natural rate of healing is unusually fast.
You are covered in fur. (AC +1)
You have very tough skin. (AC +2)


Message History

The centaur warrior completely misses you.
The centaur warrior hits you.
* * * LOW HITPOINT WARNING * * *
Okay, then.
You feel better. The centaur warrior hits you.
* * * LOW HITPOINT WARNING * * *
The centaur warrior hits you!
* * * LOW HITPOINT WARNING * * *
The centaur warrior hits you.
* * * LOW HITPOINT WARNING * * *
Unknown command.
You spin and attack the centaur warrior.
You claw the centaur warrior!
The centaur warrior is almost dead.
You spin and attack the centaur warrior.
You scratch the centaur warrior but do no damage.
The centaur warrior is severely wounded.
The centaur warrior hits you but does no damage.
The centaur warrior hits you!
You die...

##################
.)'..#.['..#__#..+
..#..'..#..+^.+..#
####+#####'#__####
###..#...#.####§§#
__####..##§#§§§cc#
_____##+#§.'≈≈§§@+
_.∩...+..§_#≈≈§§§#
_..__##_§#+##+####
_____###+#.#
###### ###


You could see 2 centaur warriors.

Vanquished Creatures
  A slime creature (D)
  Sigmund (D)
  A yak (D)
  An ogre (D)
  A jelly (D)
  Ijyb (D)
6 creatures vanquished.

Notes
Turn   | Place    | Note
-------+----------+-------------------------------------------
     0 | D        | Kidiri the Troll Monk began the quest for the Orb.
     0 | D        | Reached XP level 1. HP: 22/22 MP: 0/0
     1 | D        | Noticed Ijyb
     8 | D        | Killed Ijyb
     8 | D        | Reached skill level 1 in Armour
     8 | D        | Reached skill level 4 in Unarmed Combat
     8 | D        | Reached XP level 2. HP: 31/31 MP: 1/1
    17 | D        | Noticed an ogre
    29 | D        | Killed an ogre
    29 | D        | Reached skill level 5 in Unarmed Combat
    29 | D        | Reached XP level 3. HP: 37/39 MP: 2/2
    29 | D        | Reached XP level 4. HP: 47/48 MP: 3/3
    75 | D        | Noticed Sigmund
    83 | D        | Killed Sigmund
    83 | D        | Reached skill level 5 in Fighting
    83 | D        | Reached skill level 5 in Dodging
    83 | D        | Reached skill level 6 in Unarmed Combat
    83 | D        | Reached XP level 5. HP: 52/57 MP: 4/4
    83 | D        | Reached XP level 6. HP: 60/66 MP: 5/5
   103 | D        | Found an ornate altar of the Wu Jian Council.
   103 | D        | Found a deep blue altar of Sif Muna.
   105 | D        | Found a radiant altar of Vehumet.
   108 | D        | Became a worshipper of the Wu Jian Council
   108 | D        | Reached * piety under Wu Jian
   108 | D        | Reached ** piety under Wu Jian
   148 | D        | Found Duopucerr's General Store.
   148 | D        | Found an ancient bone altar of Kikubaaqudgha.
   148 | D        | Found a hazy altar of Hepliaklqana.
   148 | D        | Found a stormy altar of Qazlal.
   148 | D        | Found a hide-covered altar of Uskayaw.
   148 | D        | Found a blossoming altar of Fedhas.
   148 | D        | Found a bloodstained altar of Trog.
   148 | D        | Found an iron altar of Okawaru.
   148 | D        | Found a basalt altar of Yredelemnul.
   148 | D        | Found a glowing golden altar of the Shining One.
   148 | D        | Found a snail-covered altar of Cheibriados.
   148 | D        | Found a sacrificial altar of Ru.
   148 | D        | Found a glowing silver altar of Zin.
   148 | D        | Found a shadowy altar of Dithmenos.
   148 | D        | Found a white marble altar of Elyvilon.
   148 | D        | Noticed a yak
   149 | D        | Found an opulent altar of Gozag.
   162 | D        | Killed a yak
   162 | D        | Reached skill level 7 in Unarmed Combat
   166 | D        | Found a sparkling altar of Nemelex Xobeh.
   184 | D        | Found a burning altar of Makhleb.
   184 | D        | Found a viscous altar of Jiyva.
   184 | D        | Found a shimmering altar of Xom.
   184 | D        | Found a corrupted altar of Lugonu.
   184 | D        | Noticed a slime creature
   190 | D        | Killed a slime creature
   190 | D        | Reached skill level 8 in Unarmed Combat
   190 | D        | Reached XP level 7. HP: 76/76 MP: 6/6
   216 | D        | Noticed a centaur warrior
   218 | D        | Noticed a centaur warrior
   235 | D        | Slain by a centaur warrior

Vault maps used:
D:        dungeon_sprint_1

Skill      XL: |  1  2  3  4  5  6 |
---------------+-------------------+-----
Fighting       | 3 4 5 6 |  6.6
Armour         | 1 2 3 4 |  4.1
Dodging        | 3 4 5 6 |  6.7
Unarmed Combat | 4 5 6 8 |  8.0
Stealth        | 2 3 4 |  4.8

Action                   |  1- 3 |  4- 6 |  7- 9 || total
-------------------------+-------+-------+-------++-------
Melee: Unarmed           |    11 |    24 |    23 ||    58
       Punch             |       |     2 |       ||     2
  Use: Potion            |     2 |       |     1 ||     3
 Stab: Sleeping          |     1 |     3 |     2 ||     6
  Eat: Chunk             |       |     2 |       ||     2
Armor: Robe              |     1 |     1 |     6 ||     8
Dodge: Dodged            |     2 |     8 |    12 ||    22
